AoeStats
← Dovalle95

Arabia

510406101Analyzed
1v1 RM · 9h ago on Sep 30, 2026· 59m 48s· 2 players
Game mode
Random Map
Map size
Tiny (2 player)
Population
200
Speed
Normal
Resources
Standard
Victory
Conquest
Starting age
Dark Age
Ending age
Imperial Age
RankedLock teamsTeams togetherTeam positionsShared explorationLock speedFull tech treeHidden civsTurbo modeCheats
Victory
Defeat
🇻🇳 Japanese · Vietnam
956
+16
🇨🇴 Turks · Colombia
949
-16
Dovalle95
7:43 Loom
10:49 Feudal Age
20:11 Double-Bit Axe
28:50 Castle Age
baophux7
10:20 Feudal Age
8:35 Loom
13:53 Man-at-Arms
20:29 Forging
23:28 Castle Age
21:33 Stone Mining
22:49 Arson
24:32 Long Swordsman
24:41 Light Cavalry
25:32 Bloodlines
26:15 Horse Collar
29:00 Husbandry
29:40 Iron Casting
29:35 Fletching
37:04 Gold Mining
37:05 Double-Bit Axe
37:26 Elite Skirmisher
39:29 Thumb Ring
46:42 Wheelbarrow
48:20 Hand Cart
51:44 Gold Shaft Mining
51:58 Heavy Plow
52:08 Bodkin Arrow
55:44 Imperial Age
57:11 Conscription
57:54 Bow Saw
Connection lost

Rejoining the realm…

Still unreachable

The connection could not be restored.

Session expired

The server has moved on; the page needs a fresh start.